 Dungeon Crawl Stone Soup version 0.26-a0-1021-gda264ca44c (webtiles) character file.

Game seed: 18324154050358400646

120 ragingrage the Covert (level 5, -6/47 HPs)
             Began as a Gnoll Delver on Dec 8, 2020.
             Was an Initiate of Nemelex Xobeh.
             Killed from afar by a white imp (9 damage)
             ... with a puff of frost
             ... on level 3 of the Dungeon.
             The game lasted 00:02:29 (2358 turns).

ragingrage the Covert (Gnoll Delver)                Turns: 2358, Time: 00:02:30

Health: -6/47      AC:  4    Str: 16    XL:     5   Next: 4%
Magic:  6/6        EV: 14    Int: 12    God:    Nemelex Xobeh [......]
Gold:   163        SH:  0    Dex: 16    Spells: 6/6 levels left

rFire    . . .     SeeInvis .   k - +2 dagger (venom)
rCold    . . .     Faith    .   (no shield)
rNeg     . . .     Spirit   .   b - +0 leather armour
rPois    .         Reflect  .   (no helmet)
rElec    .         Harm     .   (no cloak)
rCorr    .         Rampage  .   o - +0 pair of gloves
Will     .....                  (no boots)
Stlth    ++++......             (no amulet)
HPRegen  0.15/turn              (no ring)
MPRegen  0.10/turn              (no ring)

@: brilliant
A: distributed training, fangs 1, strong nose
a: Draw Escape, Draw Destruction, Draw Summoning, Renounce Religion


You were on level 3 of the Dungeon.
You worshipped Nemelex Xobeh.
Nemelex Xobeh was noncommittal.
You visited 1 branch of the dungeon, and saw 6 of its levels.

You collected 163 gold pieces.

Inventory:

Hand Weapons
 a - a +0 hand axe
 k - a +2 dagger of venom (weapon)
Missiles
 l - 11 poisoned darts (quivered)
Armour
 b - a +0 leather armour (worn)
 o - a +0 pair of gloves (worn)
Wands
 g - a wand of digging (3)
Scrolls
 c - a scroll of fog
 d - a scroll of magic mapping
 e - a scroll of fear
 h - a scroll of remove curse {unknown}
 i - 2 scrolls of identify {unknown}
 m - a scroll of blinking {unknown}
 r - a scroll of teleportation {unknown}
Potions
 f - a potion of haste
 j - a potion of curing
 p - a potion of lignification {unknown}
 q - a potion of flight {unknown}
 s - a potion of degeneration {unknown}


   Skills:
 + Level 6.6 Fighting
 + Level 1.3 Short Blades
 + Level 1.3 Long Blades
 + Level 4.7 Axes
 + Level 1.3 Maces & Flails
 + Level 1.3 Polearms
 + Level 1.3 Staves
 + Level 1.3 Slings
 + Level 1.3 Bows
 + Level 1.3 Crossbows
 + Level 1.3 Throwing
 + Level 1.3 Armour
 + Level 4.7 Dodging
 + Level 9.6 Stealth
 + Level 1.3 Shields
 + Level 1.3 Unarmed Combat
 + Level 1.3 Spellcasting
 + Level 1.0 Conjurations
 + Level 1.0 Hexes
 + Level 1.0 Summonings
 + Level 1.0 Necromancy
 + Level 1.0 Translocations
 + Level 1.0 Transmutations
 + Level 1.0 Fire Magic
 + Level 1.0 Ice Magic
 + Level 1.0 Air Magic
 + Level 1.0 Earth Magic
 + Level 1.0 Poison Magic
 + Level 1.4 Invocations
 + Level 1.3 Evocations


You had 6 spell levels left.
You didn't know any spells.
Your spell library was empty.

Dungeon Overview and Level Annotations

Branches:
Dungeon (6/15)
 Temple: D:4-7

Altars:
Dithmenos
Fedhas
Nemelex Xobeh
Ru
Wu Jian

Annotations:
D:3 Grinder


Innate Abilities, Weirdness & Mutations

Your experience applies equally to all skills.
You have very sharp teeth.
Your uncanny sense of smell can sniff out nearby items.


Message History

Unknown command.
Unknown command.
Unknown command.
Unknown command.
It was a potion of curing.
You feel better. The adder bites you but does no damage.
The white imp hits you.
* * * LOW HITPOINT WARNING * * *
The white imp freezes you.
* * * LOW HITPOINT WARNING * * *
Grinder says, "Don't move a muscle."
Unknown command.
Unknown command.
It was a potion of brilliance.
You feel clever all of a sudden. The adder completely misses you.
The white imp laughs crazily.
The white imp gestures at you. The puff of frost hits you!
You die...
Your body disappears without a glow.

≈[≈##≈≈#≈ .. ∆ ≈.≈≈≈≈≈≈#
..# ≈.$≈#≈≈≈.
#######.### ∆∆∆ .♣.≈#
≈≈.. .......#.# ≈≈≈≈≈ .
.. ........# ≈≈#≈≈.
#..##....#.#
#.....w..#.# ###########
...5..S..#.###.#.#......
#.....@..!.............
#....5........#.......≈
#...........#.#.....≈≈≈
####.#...#....#....≈≈≈≈
∆ ..........#.#...≈≈≈≈≈
###.#......#.##..≈≈≈≈P
#?##♣..♣.#....≈≈≈≈P♣ ∆ .
..PP♣#.##.≈≈≈≈P.
♣....≈≈≈≈..


You could see Grinder (very poisoned), an adder, a white imp and a dart slug.

Vanquished Creatures
  Jessica (D:2)
  A hound skeleton (D:5)
  An adder (D:2)
  3 worms (D:2)
  4 dart slugs
  A leopard gecko (D:2)
  10 bats
  3 giant cockroaches
  7 goblins
  6 hobgoblins
  10 kobolds
  A quokka (D:2)
  A frilled lizard (D:1)
  A leopard gecko zombie (D:5)
  5 rats
55 creatures vanquished.

Vanquished Creatures (others)
  3 plants (D:3)
3 creatures vanquished.

Grand Total: 58 creatures vanquished

Notes
Turn   | Place    | Note
-------+----------+-------------------------------------------
     0 | D:5      | Reached skill level 9 in Stealth
     0 | D:5      | ragingrage the Gnoll Delver began the quest for the Orb.
     0 | D:5      | Reached XP level 1. HP: 23/23 MP: 1/1
    50 | D:5      | Reached XP level 2. HP: 24/29 MP: 2/2
   144 | D:5      | Found a shadowy altar of Dithmenos.
   183 | D:5      | Noticed an ice beast
   422 | D:1      | Reached XP level 3. HP: 32/35 MP: 3/3
   847 | D:1      | Reached skill level 1 in Invocations
  1274 | D:2      | Reached skill level 1 in Short Blades
  1274 | D:2      | Reached skill level 1 in Long Blades
  1274 | D:2      | Reached skill level 1 in Maces & Flails
  1274 | D:2      | Reached skill level 1 in Polearms
  1274 | D:2      | Reached skill level 1 in Staves
  1274 | D:2      | Reached skill level 1 in Slings
  1274 | D:2      | Reached skill level 1 in Bows
  1274 | D:2      | Reached skill level 1 in Crossbows
  1274 | D:2      | Reached skill level 1 in Throwing
  1274 | D:2      | Reached skill level 1 in Armour
  1274 | D:2      | Reached skill level 1 in Shields
  1274 | D:2      | Reached skill level 1 in Unarmed Combat
  1274 | D:2      | Reached skill level 1 in Spellcasting
  1274 | D:2      | Reached skill level 1 in Evocations
  1355 | D:2      | Reached XP level 4. HP: 34/41 MP: 5/5
  1665 | D:2      | Noticed Jessica
  1676 | D:2      | Killed Jessica
  1677 | D:2      | Reached skill level 1 in Conjurations
  1677 | D:2      | Reached skill level 1 in Hexes
  1677 | D:2      | Reached skill level 1 in Summonings
  1677 | D:2      | Reached skill level 1 in Necromancy
  1677 | D:2      | Reached skill level 1 in Translocations
  1677 | D:2      | Reached skill level 1 in Transmutations
  1677 | D:2      | Reached skill level 1 in Fire Magic
  1677 | D:2      | Reached skill level 1 in Ice Magic
  1677 | D:2      | Reached skill level 1 in Air Magic
  1677 | D:2      | Reached skill level 1 in Earth Magic
  1677 | D:2      | Reached skill level 1 in Poison Magic
  1863 | D:2      | Found a sacrificial altar of Ru.
  1911 | D:2      | Found a sparkling altar of Nemelex Xobeh.
  1944 | D:2      | Became a worshipper of Nemelex Xobeh the Trickster
  1955 | D:2      | Reached XP level 5. HP: 47/47 MP: 6/6
  2096 | D:2      | Found an ornate altar of the Wu Jian Council.
  2227 | D:3      | Found a blossoming altar of Fedhas.
  2241 | D:3      | Noticed Grinder
  2351 | D:3      | Paralysed by Grinder for 5 turns
  2358 | D:3      | Killed from afar by a white imp

Illustrated notes

Levels and vault maps discovered:
D:1:      sevenhm_arrival_forest_fort_small_3, layout_basic
D:2:      layout_basic, old_standard_altar, overflow_temple_1_default,
          lemuel_crystal_altar, minivault_4, chequers_decorated_corner,
          uniq_jessica
D:3:      kennysheep_slugbush, layout_basic, serial_forest,
          infiniplex_forest_clump_cross, infiniplex_forest_end_2,
          infiniplex_forest_lined_2, infiniplex_forest_clump_large,
          infiniplex_forest_clump_medium, infiniplex_forest_clump_small,
          minivault_19, fedhas_ov_isle_minmay, uniq_grinder,
          uniq_crazy_yiuf_cottage
D:4:      layout_rooms, minmay_temple_entry_arrows, enter_ossuary_5
D:5:      layout_loops_corners, grunt_dithmenos_smoke_and_mirrors,
          nemelex_spade_bored_becter
D:6:      layout_basic, nicolae_overflow_hidden_temple, bloody_trog, uniq_edmund

Skill      XL: |  1  2  3  4 |
---------------+-------------+-----
Stealth        | |  9.6
Invocations    | 1 |  1.4
Short Blades   | 1 |  1.3
Long Blades    | 1 |  1.3
Maces & Flails | 1 |  1.3
Polearms       | 1 |  1.3
Staves         | 1 |  1.3
Slings         | 1 |  1.3
Bows           | 1 |  1.3
Crossbows      | 1 |  1.3
Throwing       | 1 |  1.3
Armour         | 1 |  1.3
Shields        | 1 |  1.3
Unarmed Combat | 1 |  1.3
Spellcasting   | 1 |  1.3
Evocations     | 1 |  1.3
Conjurations   | 1 |  1.0
Hexes          | 1 |  1.0
Summonings     | 1 |  1.0
Necromancy     | 1 |  1.0
Translocations | 1 |  1.0
Transmutations | 1 |  1.0
Fire Magic     | 1 |  1.0
Ice Magic      | 1 |  1.0
Air Magic      | 1 |  1.0
Earth Magic    | 1 |  1.0
Poison Magic   | 1 |  1.0
Fighting       | |  6.6
Axes           | |  4.7
Dodging        | |  4.7

Action                   |  1- 3 |  4- 6 || total
-------------------------+-------+-------++-------
Melee: Hand axe          |    55 |       ||    55
       Bite              |     8 |     4 ||    12
       Dagger            |    28 |    49 ||    77
  Use: Potion            |       |     2 ||     2
 Stab: Sleeping          |    14 |     8 ||    22
Armor: Leather armour    |    12 |    12 ||    24
Dodge: Dodged            |    66 |    36 ||   102

Table legend: (Time is in decaauts)
 A = Elapsed time spent in this place.
 B = Non-inter-level travel time spent in this place.
 C = Inter-level travel time spent in this place.
 D = Time resting spent in this place.
 E = Time spent auto-exploring this place.
 F = Levels seen in this place.
 G = Mean time per level.
                   A        B        C        D        E       F      G
               +--------+--------+--------+--------+--------+-----+--------+
         Total |   2361 |   2176 |    185 |    381 |   1300 |   6 |  393.5 |
       Dungeon |   2361 |   2176 |    185 |    381 |   1300 |   6 |  393.5 |
               +--------+--------+--------+--------+--------+-----+--------+

Top non-repeatable levels by time:
     D:2: 950 daAuts
     D:1: 892 daAuts
     D:3: 289 daAuts
     D:5: 220 daAuts
     D:4: 6 daAuts
     D:6: 1 daAuts
